 Dungeon Crawl Stone Soup version 0.32-a0-132-g2d33c3cfaf (webtiles) character file.

Game seed: 8676005981961742306

242 Newt the Slasher (level 6, -2/51 HPs)
             Began as a Barachi Fighter on Feb 9, 2024.
             Killed from afar by Pikel (7 damage)
             ... with a bolt of light
             ... on level 4 of the Dungeon.
             The game lasted 00:02:51 (3051 turns).

Newt the Slasher (Barachi Fighter)                  Turns: 3051, Time: 00:02:52

Health: -2/51      AC: 12    Str: 20    XL:     6   Next: 9%
Magic:  6/6        EV:  9    Int:  8    God:
Gold:   95         SH:  5    Dex: 17    Spells: 5/5 levels left

rFire   . . .        a - +0 long sword
rCold   . . .        c - +0 buckler
rNeg    . . .        b - +0 scale mail
rPois   .            o - +2 hat
rElec   .            e - scarf {+Inv}
rCorr   .            (no gloves)
SInv    .            (no boots)
Will    .....        (no amulet) Stlth
                     D - +4 ring of protection
HPRegen 0.28/turn    w - +6 ring of dexterity
MPRegen 0.10/turn

%: no passive effects
@: mighty, invisible, slow
A: amphibious, slowness 1, strong legs 1, +LOS
a: Hop, Evoke Invisibility


You were on level 4 of the Dungeon.
You visited 1 branch of the dungeon, and saw 5 of its levels.

You collected 143 gold pieces.
You spent 48 gold pieces at shops.

Inventory:

Hand Weapons
 a - a +0 long sword (weapon)
Missiles
 y - a boomerang
Armour
 b - a +0 scale mail (worn)
 c - a +0 buckler (worn)
 e - a scarf of invisibility (worn)
 i - a +0 helmet
 o - a +2 hat (worn)
Jewellery
 v - a ring of see invisible
 w - a +6 ring of dexterity (right hand)
 D - a +4 ring of protection (left hand)
Wands
 B - a wand of digging (6)
 C - a wand of iceblast (8)
Scrolls
 g - a scroll of enchant armour {unknown}
 j - a scroll of revelation
 k - a scroll of immolation
 l - a scroll of brand weapon {unknown}
 m - a scroll of amnesia {unknown}
 n - a scroll of enchant weapon {unknown}
 r - a scroll of teleportation
 s - a scroll of noise
 z - a scroll of poison {unknown}
Potions
 h - a potion of magic
 q - a potion of enlightenment {unknown}
 t - a potion of attraction {unknown}
 u - a potion of brilliance {unknown}
 x - a potion of resistance {unknown}
 A - a potion of heal wounds {unknown}


   Skills:
 + Level 5.4 Fighting
 * Level 6.2 Long Blades
 - Level 3.6 Armour
 - Level 3.2 Shields


You had 5 spell levels left.
You didn't know any spells.
Your spell library contained the following spells:

 Spells                   Type           Power      Damage    Failure   Level
 Malign Gateway           Summ/Tloc      0%         N/A       100%        7
 Summon Horrible Things   Summ           0%         N/A       100%        8


Dungeon Overview and Level Annotations

Branches:
Dungeon (5/15)
 Temple: D:4-7

Altars:

Shops:
D:3 [*

Annotations:
D:4 Pikel


Innate Abilities, Weirdness & Mutations

You are amphibious.
You cover ground slowly.
You can hop short distances.
You have an extended range of vision and can be seen from far away.


Message History

The lemure hits you.
You closely miss the lemure.
The lemure is heavily wounded.
The lemure hits you but does no damage.
You miss the lemure.
The lemure is heavily wounded.
The lemure hits you.
You feel very mighty all of a sudden. The lemure hits you but does no damage.
You slash the lemure!
The lemure is severely wounded.
The lemure closely misses you.
You closely miss the lemure.
The lemure is severely wounded.
The lemure hits you.
You hit the lemure.
The lemure is almost dead.
The lemure barely misses you. The lemure closely misses you.
You hit the lemure.
You kill the lemure!
That felt strangely unrewarding.
You hit the lemure.
The lemure is lightly wounded.
The lemure hits you.
* * * LOW HITPOINT WARNING * * *
You closely miss the lemure.
The lemure is lightly wounded.
The lemure hits you but does no damage.
You slash the lemure!
The lemure is heavily wounded.
You block the lemure's attack.
You slash the lemure!
You kill the lemure!
That felt strangely unrewarding.
Pikel zaps a wand.
The bolt of light hits you!
* * * LOW HITPOINT WARNING * * *
It was a potion of magic.
Magic courses through your body.
You fade into invisibility!
Pikel zaps a wand.
The bolt of light hits you!
You die...
Pikel says, "Another soul for the market."

###### ###.....# .......#
###.....### . .........#
.###.....#.# ..
.<.......#.########....#
#......#(.55K@......# #
#.(......########...#
#.##......#.########.#.# .#
#.........+............###.#
####.....$#)########........
####..5...#..# #............
.......#####.###.#.......>..
.....$.# #..##.#.#........
.......# ##......#........


You could see Pikel (unable to see you) and 2 lemures.

Vanquished Creatures
  A black bear (D:5)
  2 lemures (D:4)
  An orc wizard (D:3)
  6 adders
  A dart slug (D:1)
  3 ribbon worms
  6 orcs
  6 bats
  7 endoplasms
  2 goblins (D:2)
  7 hobgoblins
  4 jackals (D:2)
  3 quokkas
  5 ball pythons
  A frilled lizard (D:2)
  4 kobolds
  2 rats (D:3)
61 creatures vanquished.

Notes
Turn   | Place    | Note
-------+----------+-------------------------------------------
     0 | D:1      | Newt the Barachi Fighter began the quest for the Orb.
     0 | D:1      | Reached XP level 1. HP: 18/18 MP: 1/1
   325 | D:1      | Reached skill level 3 in Long Blades
   325 | D:1      | Reached XP level 2. HP: 22/25 MP: 2/2
   985 | D:2      | Reached XP level 3. HP: 19/30 MP: 3/3
  1163 | D:2      | Found a faded altar of an unknown god.
  1174 | D:2      | Reached skill level 4 in Long Blades
  1495 | D:2      | Reached XP level 4. HP: 30/38 MP: 4/4
  1977 | D:3      | Found Xucvudeohe's General Store.
  1993 | D:3      | Found Soumiro's Armour Shoppe.
  2031 | D:3      | Bought a scroll of teleportation for 36 gold pieces
  2031 | D:3      | Bought a scroll of noise for 12 gold pieces
  2645 | D:3      | Reached skill level 5 in Long Blades
  2645 | D:3      | Reached XP level 5. HP: 32/43 MP: 5/5
  2866 | D:4      | Reached skill level 5 in Fighting
  2946 | D:4      | You fall into a shaft and drop 1 floor!
  2946 | D:5      | Entered Level 5 of the Dungeon
  2949 | D:5      | Noticed a black bear
  2958 | D:5      | Killed a black bear
  2959 | D:5      | Reached skill level 6 in Long Blades
  2959 | D:5      | Reached XP level 6. HP: 43/51 MP: 6/6
  3017 | D:4      | Noticed Pikel
  3051 | D:4      | Killed from afar by Pikel

Illustrated notes

Levels and vault maps discovered:
D:1:      dpeg_arrival_more_subterranean_lakeside_camping, layout_loops_corners
D:2:      layout_basic, ebering_ecumenical_altar_rust, minmay_small_reverse_x
D:3:      layout_loops_corners, serial_shops, nicolae_shop_waterfront,
          nicolae_shop_pleasant_corner_grove
D:4:      layout_basic, uniq_pikel
D:5:      layout_rooms, kennysheep_little_box, minmay_temple_entry_proselytizer

Skill      XL: |  1  2  3  4  5 |
---------------+----------------+-----
Long Blades    | 3 4 5 6 |  6.2
Fighting       | 4 5 |  5.4
Armour         | |  3.6
Shields        | |  3.2

Action                     |  1- 3 |  4- 6 || total
---------------------------+-------+-------++-------
  Melee: Long sword        |    94 |   118 ||   212
  Throw: Boomerang         |       |     2 ||     2
         Javelin           |       |     3 ||     3
    Use: Scroll            |     2 |     1 ||     3
         Potion            |       |     3 ||     3
 Armour: Scale mail        |    84 |    77 ||   161
  Dodge: Dodged            |    59 |    49 ||   108
  Block: Buckler           |    16 |    30 ||    46

Table legend: (Time is in decaauts)
 A = Elapsed time spent in this place.
 B = Non-inter-level travel time spent in this place.
 C = Inter-level travel time spent in this place.
 D = Time resting spent in this place.
 E = Time spent auto-exploring this place.
 F = Levels seen in this place.
 G = Mean time per level.
                   A        B        C        D        E       F      G
               +--------+--------+--------+--------+--------+-----+--------+
         Total |   3530 |   3379 |    151 |    327 |   2490 |   5 |  706.0 |
       Dungeon |   3530 |   3379 |    151 |    327 |   2490 |   5 |  706.0 |
               +--------+--------+--------+--------+--------+-----+--------+

Top non-repeatable levels by time:
     D:3: 1239 daAuts
     D:1: 1117 daAuts
     D:2: 942 daAuts
     D:4: 193 daAuts
     D:5: 37 daAuts
